 Dungeon Crawl Stone Soup version 0.27-b1-42-g19c61b19a5 (webtiles) character file.

Game seed: 15504690463914417048

613 Tirrikindir the Cudgeller (level 7, 0/47 (48) HPs)
             Began as a Demonspawn Fighter on July 29, 2021.
             Was a Priest of Hepliaklqana.
             Slain by a wight (8 damage)
             ... on level 5 of the Dungeon.
             The game lasted 00:11:13 (3762 turns).

Tirrikindir the Cudgeller (Demonspawn Fighter)      Turns: 3762, Time: 00:11:13

HP:   0/47 (48)     AC:  6    Str: 16    XL:     7   Next: 20%
MP:   9/9           EV:  9    Int: 10    God:    Hepliaklqana [***...]
Gold: 208           SH:  9    Dex: 14    Spells: 6/6 levels left

rFire    . . .     SeeInvis .   a - +0 flail
rCold    . . .     Faith    .   c - +0 kite shield
rNeg     . . .     Spirit   .   b - +0 scale mail
rPois    .         Reflect  .   (helmet restricted)
rElec    .         Harm     .   (no cloak)
rCorr    .         Rampage  .   (no gloves)
Will     .....                  (no boots)
Stlth    ..........             (no amulet)
HPRegen  0.15/turn              (no ring)
MPRegen  0.11/turn              (no ring)

@: lightly drained
A: reduced essence, antennae 2, repulsion field 1, demonic magic 1
a: Renounce Religion, Recall Ancestor, Ancestor Identity, Transference


You were on level 5 of the Dungeon.
You worshipped Hepliaklqana.
Hepliaklqana was most pleased with you.
You visited 1 branch of the dungeon, and saw 5 of its levels.
You also visited: Sewer.

You collected 208 gold pieces.

Inventory:

Hand Weapons
 a - a +0 flail (weapon)
Missiles
 g - 2 throwing nets (quivered)
Armour
 b - a +0 scale mail (worn)
 c - a +0 kite shield (worn)
Jewellery
 l - an amulet of faith
Wands
 e - a wand of paralysis (10)
 m - a wand of polymorph (10)
 r - a wand of charming (12)
Scrolls
 d - a scroll of summoning
 o - a scroll of noise {unknown}
 p - a scroll of teleportation
 q - a scroll of holy word {unknown}
Potions
 f - a potion of invisibility {unknown}
 h - a potion of lignification {unknown}
 i - a potion of resistance
 j - 3 potions of flight
 k - 2 potions of heal wounds
 n - a potion of mutation {unknown}
 s - 2 potions of curing {unknown}


   Skills:
 - Level 4.0 Fighting
 * Level 4.1 Maces & Flails
 + Level 3.6 Armour
 - Level 2.0 Dodging
 + Level 3.6 Shields
 + Level 3.1 Invocations
 + Level 2.4 Evocations


You had 6 spell levels left.
You didn't know any spells.
Your spell library was empty.

Dungeon Overview and Level Annotations

Branches:
Dungeon (5/15)              Sewer (visited)
 Temple: D:4-7

Altars:
Hepliaklqana
Xom

Shops:
D:1 :


Innate Abilities, Weirdness & Mutations

Your life essence is reduced to manifest your ancestor. (-10% HP)
You have a pair of antennae on your head.
You are surrounded by a mild repulsion field. (EV +2)
Spells you cast may paralyse adjacent enemies.


Message History

You barely miss the hound.
The hound is almost dead.
The hound misses you. The hound barely misses you.
The wight hits you from afar with a +0 spear.
You sock the hound!
You kill the hound!
You block the wight's attack.
Your life force feels restored.
Your Invocations skill increases to level 3!
Your scale mail prevents you from hitting the wight.
The wight closely misses you. The wight completely misses you.
The wight hits you but does no damage.
Eshargamelat casts a spell at the wight.
The wight appears confused.
The wight barely misses you.
You strike the helpless wight from behind!
You hit the wight.
The wight is lightly damaged.
The wight hits you from afar with a +0 spear.
You feel drained.
Okay, then.
You thump the wight!
The wight is severely damaged.
You block the wight's attack.
The wight hits you with a +3 dire flail!
You feel drained.
The wight hits you from afar with a +0 spear!
* * * LOW HITPOINT WARNING * * *
You feel drained.
* * * LOW HITPOINT WARNING * * *
You feel much better.
The wight completely misses the wight.
The wight hits you from afar with a +0 spear!
You sock the wight!
You destroy the wight!
You block the wight's attack.
You barely miss the wight. The wight hits you with a +3 battleaxe!
* * * LOW HITPOINT WARNING * * *
The wight hits you from afar with a +0 spear.
* * * LOW HITPOINT WARNING * * *
The wight hits you with a +3 battleaxe!
You die...

.# .. .. .## . .
.. ... ...####
.##.$..
#....####.......
#.R@zz.#
.......###z.#
...###. #.## .
#. ..# .. ### ##


You could see the friendly Eshargamelat the hexer and 3 wights.

Vanquished Creatures
  A black bear (D:3)
  A necrophage (D:4)
  An ogre (D:4)
  A wight (D:5)
  A hound (D:5)
  5 river rats
  2 adders (D:3)
  3 dart slugs
  3 orcs
  2 bats
  9 endoplasms
  2 giant cockroaches
  3 hobgoblins
  5 jackals
  A quokka (D:3)
  7 ball pythons
  3 goblins
  4 kobolds
  15 rats
69 creatures vanquished.

Vanquished Creatures (collateral kills)
  A kobold brigand (Sewer)
  An orc priest (D:4)
  An adder (D:3)
  3 river rats (D:4)
  2 worms
  An orc (D:3)
  2 bats
  An endoplasm (D:3)
  2 quokkas
  3 ball pythons
  4 kobolds
  7 rats
28 creatures vanquished.

Vanquished Creatures (others)
  A hexer (D:3)
  6 plants (D:1)
7 creatures vanquished.

Grand Total: 104 creatures vanquished

Notes
Turn   | Place    | Note
-------+----------+-------------------------------------------
     0 | D:1      | Tirrikindir the Demonspawn Fighter began the quest for the
                  | Orb.
     0 | D:1      | Reached XP level 1. HP: 18/18 MP: 1/1
   203 | D:1      | Found Raloi's Book Boutique.
   264 | D:1      | Found a faded altar of an unknown god.
   271 | D:1      | Became a worshipper of Hepliaklqana the Forgotten
   271 | D:1      | Reached * piety under Hepliaklqana
   328 | D:1      | Gained mutation: You have a pair of small antennae on your
                  | head. [demonic ancestry]
   328 | D:1      | Reached XP level 2. HP: 21/21 MP: 2/2
   675 | D:2      | Reached ** piety under Hepliaklqana
   676 | D:2      | Remembered your ancestor Eshargamelat as a hexer
   838 | D:2      | Gained mutation: You are surrounded by a mild repulsion
                  | field. (EV +2) [demonic ancestry]
   838 | D:2      | Reached XP level 3. HP: 24/26 MP: 3/3
  1197 | D:3      | Found a glowing drain.
  1215 | Sewer    | Entered a sewer
  1223 | Sewer    | Reached skill level 1 in Invocations
  1226 | Sewer    | Reached skill level 1 in Dodging
  1401 | Sewer    | Noticed a kobold brigand
  1410 | Sewer    | Killed a kobold brigand
  1411 | Sewer    | Reached skill level 1 in Evocations
  1411 | Sewer    | Reached XP level 4. HP: 24/31 MP: 3/5
  1642 | D:3      | Gained mutation: You have a pair of antennae on your head.
                  | [demonic ancestry]
  1642 | D:3      | Reached XP level 5. HP: 36/36 MP: 6/6
  2260 | D:3      | Found a bloodstained altar of Trog.
  2263 | D:3      | Found a radiant altar of Vehumet.
  2263 | D:3      | Found a shadowy altar of Dithmenos.
  2265 | D:3      | Found a radiant altar of Vehumet.
  2265 | D:3      | Found a hide-covered altar of Uskayaw.
  2265 | D:3      | Found a shimmering altar of Xom.
  2676 | D:4      | Noticed a black bear
  2695 | D:3      | Killed a black bear
  2890 | D:4      | Reached XP level 6. HP: 43/43 MP: 7/7
  3444 | D:4      | Gained mutation: Spells you cast may paralyse adjacent
                  | enemies. [demonic ancestry]
  3444 | D:4      | Reached XP level 7. HP: 34/48 MP: 7/9
  3617 | D:4      | Reached *** piety under Hepliaklqana
  3741 | D:5      | Entered Level 5 of the Dungeon
  3762 | D:5      | Slain by a wight

Illustrated notes

Levels and vault maps discovered:
D:1:      ebering_trefoil_3fold, layout_rooms,
          dilly_ecumenical_altar_fadedgnrine, serial_shops,
          nicolae_lakefront_shop
D:2:      layout_rooms
D:3:      layout_basic, doesnt_xom_only_xom, cheibrodos_sewer_entry_drain
D:4:      layout_rooms, grunt_ministairs_1, dk_rats_in_the_wall
D:5:      layout_rooms, trog_hazing_becter,
          minmay_temple_entry_drinking_statues, kennysheep_small_square

Skill      XL: |  1  2  3  4  5  6  7 |
---------------+----------------------+-----
Maces & Flails | 2 3 4 |  4.1
Invocations    | 1 2 3 |  3.1
Dodging        | 1 2 |  2.0
Shields        | 3 |  3.6
Armour         | 3 |  3.6
Evocations     | 1 2 |  2.4
Fighting       | 4 |  4.0

Action                   |  1- 3 |  4- 6 |  7- 9 || total
-------------------------+-------+-------+-------++-------
Melee: Flail             |    94 |   114 |    36 ||   244
Invok: Ancestor Identity |     1 |       |       ||     1
       Ancestor Life: He |     1 |       |       ||     1
       Recall Ancestor   |       |     1 |       ||     1
  Use: Scroll            |     4 |     2 |       ||     6
       Potion            |       |     1 |     1 ||     2
 Stab: Confused          |     1 |       |     2 ||     3
       Distracted        |     1 |       |       ||     1
Armor: Scale mail        |    51 |    45 |     9 ||   105
Dodge: Dodged            |    32 |    57 |    19 ||   108
Block: Kite shield       |    27 |    67 |    16 ||   110
